 Dungeon Crawl Stone Soup version 0.21.0-3-g78d12a8 (webtiles) character file.

449365 Charly the Wrestler (level 23, 13/127 HPs)
             Began as a Vine Stalker Arcane Marksman on Jan 8, 2018.
             Was an Elder of Cheibriados.
             Quit the game on level 5 of the Pits of Slime.
             The game lasted 03:26:02 (18712 turns).

Charly the Wrestler (Vine Stalker Arcane Marksman) Turns: 18712, Time: 03:26:03

Health: 13/127     AC: 14    Str: 30      XL:     23   Next: 94%
Magic:  23/40      EV: 35    Int: 16 (24) God:    Cheibriados [****..]
Gold:   2655       SH: 10    Dex: 39      Spells: 16/32 levels left

rFire    . . .     SeeInvis .     - Unarmed
rCold    + + .     Gourm    .   m - +2 buckler {rC+ rF+}
rNeg     + + +     Faith    +   a - +4 steam dragon scales
rPois    +         Spirit   +   o - +0 hat of Gluttony {Dex+4}
rElec    +         Reflect  .   K - +2 ratskin cloak {+Rats rPois rN+ Str-1 Int-1 Dex+1}
rCorr    +         Harm     .   y - +1 pair of gloves of Marbles {rN+ Int+3 Dex+3}
MR       ++...                  v - +2 pair of boots of the Worm {rN+ Dex+3}
Stlth    +++.......             b - amulet of faith
HPRegen  1.11/turn              P - ring of magical power
MPRegen  0.27/turn              e - ring "Enanuj Ureu" {rCorr rElec rF- Dex+3}

@: corroded, very slow
A: fangs 3, clumsy 1, cold resistance 1, low mp 1, regeneration 2, strong 1,
magic shield, antimagic bite, no potion heal 3, rot immunity
}: 3/15 runes: serpentine, barnacled, silver
a: Bend Time, Temporal Distortion, Slouch, Renounce Religion, Evoke Ratskin


You were on level 5 of the Pits of Slime.
You worshipped Cheibriados.
Cheibriados was greatly pleased with you.
You were not hungry.

You visited 11 branches of the dungeon, and saw 53 of its levels.
You also visited: Ice Cave.

You collected 2950 gold pieces.
You spent 295 gold pieces at shops.

Inventory:

Missiles
 q - a throwing net (quivered)
Armour
 a - +4 steam dragon scales (worn)
 m - a +2 buckler of resistance (worn)
 o - the +0 hat of Gluttony (worn) {Dex+4}
   (You acquired it on level 9 of the Dungeon)

   It affects your dexterity (+4).
 v - the +2 pair of boots of the Worm (worn) {rN+ Dex+3}
   (You acquired it on level 8 of the Dungeon)

   It affects your dexterity (+3).
   It protects you from negative energy.
 y - the +1 pair of gloves of Marbles (worn) {rN+ Int+3 Dex+3}
   (You found it on level 3 of the Lair of Beasts)

   It affects your intelligence (+3).
   It affects your dexterity (+3).
   It protects you from negative energy.
 K - the +2 ratskin cloak (worn) {+Rats rPois rN+ Str-1 Int-1 Dex+1}
   (You acquired it on level 6 of the Lair of Beasts)

   It affects your strength (-1).
   It affects your intelligence (-1).
   It affects your dexterity (+1).
   It protects you from poison.
   It protects you from negative energy.
 M - a +0 troll leather armour
Magical Staves
 J - an uncursed staff of earth
 O - an uncursed staff of wizardry
Jewellery
 b - an amulet of faith (around neck)
 e - the ring "Enanuj Ureu" (right hand) {rCorr rElec rF- Dex+3}
   (You found it on level 5 of the Vaults)

   [ring of resist corrosion]

   It affects your dexterity (+3).
   It makes you vulnerable to fire.
   It insulates you from electricity.
 i - the ring of Impatience {*Corrode +Inv rF- rN+ Dex+9}
   (You found it on level 3 of the Elven Halls)

   [ring of positive energy]

   It affects your dexterity (+9).
   It makes you vulnerable to fire.
   It protects you from negative energy.
   It lets you turn invisible.
   It may corrode you when you take damage.
 w - an uncursed ring of wizardry
 A - an uncursed ring of magical power
 P - a ring of magical power (left hand)
Wands
 d - a wand of flame (2)
 h - a wand of scattershot (4)
 j - a wand of acid (9)
 n - a wand of iceblast (22)
Scrolls
 l - 11 scrolls of remove curse
 p - 2 scrolls of silence
 r - 3 scrolls of identify
 x - 6 scrolls of amnesia
Potions
 g - 3 potions of cancellation
 k - 3 potions of ambrosia
 t - 2 potions of flight
 u - 13 potions of curing
 B - 4 potions of lignification
 C - 3 potions of mutation
 F - 5 potions of brilliance
Books
 s - a book of the Warp

   Spells                             Type                      Level
   a - Gell's Gravitas                Translocation                3
   b - Portal Projectile              Hexes/Translocation          3
   c - Force Lance                    Conjuration/Translocation    4
   d - Dispersal                      Translocation                6
   e - Controlled Blink               Translocation                8
   f - Disjunction                    Translocation                8
 z - a Necronomicon

   Spells                             Type                      Level
   a - Haunt                          Necromancy/Summoning         7
   b - Borgnjor's Revivification      Necromancy                   8
   c - Death's Door                   Charms/Necromancy            8
   d - Infestation                    Necromancy                   8
   e - Necromutation                  Transmutation/Necromancy     8
Miscellaneous
 H - a phial of floods
 L - a lightning rod (4/4)
Comestibles
 f - 22 rations


   Skills:
 - Level 15.5 Fighting
 - Level 1.7 Throwing
 - Level 4.9 Armour
 - Level 17.7 Dodging
 - Level 3.6 Shields
 - Level 22.4 Unarmed Combat
 + Level 5.3 Spellcasting
 - Level 3.0 Hexes
 * Level 7.4 Translocations
 - Level 14.7 Invocations
 - Level 10.2 Evocations


You had 16 spell levels left.
You knew the following spells:

 Your Spells              Type           Power        Failure   Level  Hunger
a - Apportation           Tloc           ####..       1%          1    None
c - Corona                Hex            ##.....      4%          1    None
d - Lee's Rapid Deconstr  Erth           #.........   99%         5    ######.
p - Passage of Golubria   Tloc           N/A          7%          4    ####...
r - Regeneration          Chrm/Necr      #.........   43%         3    ###....
P - Passwall              Tmut/Erth      #.........   24%         2    #......


Dungeon Overview and Level Annotations

Branches:
Dungeon (15/15)            Temple (1/1) D:7            Lair (6/6) D:8
 Shoals (4/4) Lair:4        Snake (4/4) Lair:2        Slime (5/5) Lair:6
    Orc (2/2) D:9             Elf (3/3) Orc:2        Vaults (5/5) D:14
  Crypt (3/3) Vaults:2     Depths (5/5) D:15
   Tomb: Crypt:3        Zot: Depths:5

Altars:
Ashenzari
Cheibriados
Elyvilon
Fedhas
Hepliaklqana
Kikubaaqudgha
Makhleb
Okawaru
Sif Muna
Trog
Vehumet
Xom
Yredelemnul
The Shining One
Beogh
Jiyva

Shops:
D:4 (%}}*   D:6 }   Orc:2 (=*%   Depths:4 [

Portals:
Hell: Depths:1 Depths:2 Depths:4
Abyss: Depths:4

Annotations:
D:5 Dowan, Duvessa
D:15 Louise
Lair:1 exclusion: oklob plant
Lair:2 Fannar
Lair:4 Kirke
Shoals:2 exclusion: oklob plant
Slime:5 Royal Jelly


Innate Abilities, Weirdness & Mutations

You have razor-sharp teeth.
You heal very quickly.
When hurt, damage is shared between your health and your magic reserves.
Your bite disrupts and absorbs the magic of your enemies.
Potions cannot restore your health.
You are immune to rotting.
You are clumsy. (Dex -2)
Your flesh is cold resistant. (rC+)
Your magical capacity is low. (-10% MP)
Your muscles are strong. (Str +2)


Message History

The azure jelly misses you. x3
The slime creature completely misses you.
A slime creature comes into view.
The slime creature quivers.
You punch the azure jelly!
You kill the azure jelly!
Cheibriados appreciates the change of pace.
You can now inflict damage on those overly hasty.
Cheibriados raises the support of your attributes as your movement slows.
Two slime creatures merge to form a very large slime creature.
Two slime creatures merge to form a large slime creature.
A slime creature comes into view.
Okay, then.
Okay, then.
The very large slime creature completely misses you.
Two slime creatures merge to form an enormous slime creature.
The glowing orange brain pulsates.
The slime creature misses you.
A slime creature comes into view.
Are you sure you want to abandon this character and quit the game? (Confirm with "yes".)

.......... #
.................# J.
#................## ##G
#.................## #..
#...............J..# #.#
#..............GJ..## #..
### ##..............J...#
..J
#...#..................##
._.
#......G@G.G.........#
#.G
##....JJJ.G..........#
#.# #....JJ.............#
#.. #...JJJJ......J......
##.
##JG..J..............#
#J.
#...................#. .#
#.J.J.JJ.J......
#........J.......
#................


You could see an azure jelly, an enormous slime creature, a large slime
creature, 13 slime creatures, a shining eye, 3 eyes of devastation, a glowing
orange brain and a death ooze.

Vanquished Creatures
  An ancient lich (Vaults:5)
  Xtahua (Depths:4)
  2 profane servitors (Crypt:3)
  2 bone dragons
  2 liches
  4 tentacled monstrosities (Vaults:5)
  A deep elf master archer (Elf:3)
  4 titans (Vaults:5)
  A quicksilver dragon (Vaults:5)
  A deep elf blademaster (Elf:3)
  7 acid blobs
  A sphinx (Vaults:5)
  Polyphemus (Shoals:2)
  2 storm dragons (Vaults:5)
  3 tengu reavers (Vaults:5)
  Ilsuiw (Shoals:4)
  5 shadow dragons (Vaults:5)
  7 fire giants
  A large abomination (Elf:3)
  5 azure jellies
  An iron dragon (Vaults:5)
  10 deep elf sorcerers
  6 nagarajas
  10 frost giants
  7 vault wardens
  5 deep elf elementalists (Elf:3)
  2 orc warlords
  6 ghouls (Crypt:3)
  6 stone giants
  8 ironheart preservers
  3 war gargoyles (Vaults:5)
  5 deep elf demonologists
  Nessos (D:15)
  20 very ugly things
  3 vampire knights
  Azrael (D:15)
  9 deep elf annihilators
  2 merfolk javelineers (Shoals:4)
  17 spark wasps
  7 deep elf death magi
  An eidolon (Crypt:3)
  3 merfolk impalers
  A death ooze (Slime:5)
  A crystal guardian (Depths:3)
  6 deep elf high priests (Elf:3)
  13 yaktaur captains
  4 fire dragons
  6 great orbs of eyes
  30 vault guards
  3 jiangshi (Crypt:2)
  4 rakshasas
  3 merfolk avatars
  7 ice dragons
  A catoblepas (Shoals:2)
  16 naga warriors
  Erica (D:8)
  19 anacondas
  2 death knights (Crypt:3)
  7 ogre magi
  25 two-headed ogres
  12 centaur warriors
  2 death yaks (Shoals:2)
  An alligator (shapeshifter) (Vaults:1)
  7 merfolk aquamancers (Shoals:4)
  7 tengu warriors
  9 dancing weapons
  5 deep troll earth magi (Depths:1)
  4 deep troll shamans
  2 vampire magi
  4 orc high priests (Orc:2)
  A soul eater (Crypt:1)
  7 naga sharpshooters
  A spriggan berserker (Depths:4)
  Sonja (D:12)
  2 shock serpents (Snake:4)
  11 deep elf knights
  An iron troll (Depths:1)
  17 skeletal warriors
  7 salamander mystics
  2 sea snakes (Shoals:4)
  4 glowing orange brains
  17 deep trolls
  3 unseen horrors
  An orange crystal statue (Vaults:2)
  12 naga ritualists
  6 deep elf archers
  6 flayed ghosts
  4 lindwurms (Snake:4)
  10 orc knights
  A harpy (shapeshifter) (Depths:2)
  12 phantasmal warriors
  A wolf spider zombie (D:13)
  9 ironbrand convokers
  15 harpies
  2 wolf spiders
  A shining eye (Slime:1)
  18 ugly things
  10 mana vipers
  3 fauns (Shoals:1)
  27 deep elf magi
  7 cyclopes
  Joseph (D:7)
  4 orc sorcerers
  7 salamanders
  5 manticores
  A cyclops (shapeshifter) (Vaults:5)
  18 elephants
  13 black mambas
  3 elephants (shapeshifter)
  8 guardian serpents (Snake:4)
  3 centaur zombies
  11 vault sentinels
  A guardian serpent (shapeshifter) (Elf:2)
  5 merfolk sirens
  2 water nymphs
  17 naga magi
  3 eyes of devastation
  22 spiny frogs
  2 gargoyles
  A torpor snail (shapeshifter) (Depths:3)
  A fire giant skeleton (Crypt:1)
  A yaktaur (shapeshifter) (Vaults:3)
  An efreet (D:13)
  36 yaktaurs
  6 komodo dragons
  A green draconian skeleton (Crypt:1)
  A kobold demonologist (D:14)
  A rime drake (Lair:3)
  7 freezing wraiths
  A tengu conjurer (Depths:4)
  A queen bee (shapeshifter) (D:15)
  5 trolls
  8 wind drakes
  3 polar bears
  15 merfolk
  5 tyrant leeches (Lair:6)
  3 hornets
  12 blink frogs (Lair:6)
  A hippogriff (shapeshifter) (Elf:2)
  A frost giant simulacrum (Vaults:2)
  2 dream sheep (Shoals:4)
  5 hippogriffs
  55 slime creatures
  6 snapping turtles
  Sigmund (D:5)
  4 air elementals
  A wraith (D:14)
  45 yaks
  2 shadows
  6 water elementals
  A wyvern (D:11)
  3 golden eyes (Slime:2)
  Eustachio (D:5)
  A basilisk (Lair:4)
  4 fire elementals
  A hog (Lair:3)
  A hungry ghost (D:11)
  13 vampire mosquitoes
  A steam dragon (Lair:5)
  2 soldier ants
  8 wargs
  A naga (shapeshifter) (Depths:3)
  40 nagas
  An acid dragon (D:15)
  8 water moccasins
  2 floating eyes
  A hell hound (D:15)
  5 porcupines
  3 ice beasts
  3 sky beasts
  48 orc warriors
  2 black bears
  2 hornet zombies
  An eye of draining (Slime:1)
  24 ogres
  3 phantoms
  11 wolves
  11 necrophages
  16 centaurs
  9 crocodiles
  A komodo dragon zombie (Crypt:2)
  26 bullfrogs
  Blork the orc (D:4)
  4 earth elementals
  3 scorpions
  2 wyvern skeletons
  A killer bee (D:12)
  4 howler monkeys
  4 crimson imps
  6 jellies
  23 orc wizards
  8 hounds
  Crazy Yiuf (D:5)
  5 bullfrog skeletons
  7 centaur skeletons
  31 orc priests
  2 gnoll shamans
  An iguana (shapeshifter) (Vaults:5)
  6 worker ants
  4 iguanas
  A bullfrog simulacrum (D:12)
  2 hound skeletons
  A howler monkey zombie (D:7)
  2 worker ant zombies
  8 gnolls
  6 adders
  4 shadow imps
  5 oozes
  An adder skeleton (D:10)
  2 worms
  2 leopard geckos
  101 orcs
  A ball python (D:4)
  2 giant cockroaches
  5 goblins
  4 hobgoblins
  3 jackals (D:4)
  3 quokkas
  4 frilled lizards
  A goblin skeleton (D:6)
  A goblin zombie (Crypt:2)
  2 hobgoblin zombies (D:6)
  4 kobolds
  2 kobold zombies
  An orc skeleton (D:6)
  A quokka skeleton (D:5)
  2 rats (D:3)
  2 crawling corpses (Elf:3)
  A fungus (Lair:3)
  2 plants (Lair:6)
1513 creatures vanquished.

Vanquished Creatures (collateral kills)
  A tentacled monstrosity (Vaults:1)
  A stone giant (Vaults:5)
  3 two-headed ogres
  An elephant (Lair:5)
  2 yaks
  A hell hound (D:15)
  An ogre (Vaults:5)
  A crocodile (Lair:5)
  A bullfrog (D:12)
  An orc (Orc:2)
13 creatures vanquished.

Vanquished Creatures (others)
  A deep elf annihilator (Elf:3)
  2 ettins
  A merfolk aquamancer (Shoals:2)
  A death yak (Shoals:2)
  A harpy (Shoals:4)
  A slime creature (D:15)
  4 water elementals
  A yak (D:12)
  A warg (Vaults:3)
  An orc warrior (Orc:2)
  3 ogres
  A wolf (IceCv)
  An orc wizard (Orc:2)
  An orc (Orc:2)
  A bush (Lair:6)
  10 fungi
  35 plants
  15 toadstools (D:4)
81 creatures vanquished.

Grand Total: 1607 creatures vanquished

Notes
Turn   | Place    | Note
-------+----------+-------------------------------------------
     0 | D:1      | Charly the Vine Stalker Arcane Marksman began the quest for the Orb.
     0 | D:1      | Reached XP level 1. HP: 9/9 MP: 3/3
    22 | D:1      | Reached skill level 1 in Unarmed Combat
   116 | D:1      | Reached XP level 2. HP: 14/14 MP: 4/4
   336 | D:2      | Reached skill level 2 in Unarmed Combat
   382 | D:2      | Gained mutation: Your muscles are strong. (Str +2) [potion of mutation]
   382 | D:2      | Gained mutation: You are partially covered in yellow scales. (AC +2) [potion of mutation]
   382 | D:2      | Lost mutation: Your muscles are strong. (Str +2) [potion of mutation]
   382 | D:2      | Gained mutation: Your system is resistant to poisons. (rPois) [potion of mutation]
   388 | D:2      | Reached XP level 3. HP: 5/17 MP: 5/5
   504 | D:3      | Reached skill level 3 in Unarmed Combat
   568 | D:3      | Noticed a sky beast
   680 | D:4      | Found Ocarie Tidu's Gadget Boutique.
   776 | D:4      | Reached skill level 1 in Fighting
   776 | D:4      | Gained mutation: Your natural rate of healing is unusually fast. [Vine Stalker growth]
   776 | D:4      | Reached XP level 4. HP: 18/22 MP: 6/6
   780 | D:4      | Found Fouravux's Gadget Shoppe.
   829 | D:4      | Found Dyos's Assorted Antiques.
   840 | D:4      | Bought an iron wand for 120 gold pieces
   907 | D:4      | Reached skill level 4 in Unarmed Combat
   907 | D:4      | Reached XP level 5. HP: 26/26 MP: 7/7
  1023 | D:4      | Noticed Blork the orc
  1044 | D:5      | Entered Level 5 of the Dungeon
  1055 | D:5      | Noticed Sigmund
  1068 | D:5      | Killed Sigmund
  1068 | D:5      | Reached skill level 5 in Unarmed Combat
  1068 | D:5      | Reached XP level 6. HP: 32/32 MP: 8/8
  1367 | D:4      | Reached skill level 6 in Unarmed Combat
  1367 | D:4      | Reached XP level 7. HP: 32/36 MP: 7/9
  1415 | D:4      | Found Ticlor's Food Shoppe.
  1449 | D:4      | Found Neinn's Antique Weapon Emporium.
  1507 | D:4      | Found a blossoming altar of Fedhas.
  1594 | D:5      | Noticed Dowan
  1597 | D:5      | Noticed Eustachio
  1597 | D:5      | Noticed Duvessa
  1613 | D:5      | Killed Eustachio
  1689 | D:5      | Reached skill level 7 in Unarmed Combat
  1747 | D:6      | Gained mutation: You have razor-sharp teeth. [Vine Stalker growth]
  1747 | D:6      | Reached XP level 8. HP: 35/42 MP: 8/10
  1763 | D:6      | Learned a level 3 spell: Regeneration
  1765 | D:6      | Learned a level 1 spell: Animate Skeleton
  1880 | D:6      | Got a slimy trident {elec}
  1881 | D:6      | Identified the cursed +1 trident "Gyoxep" {elec, +Rage rPois Str-5} (You took it off a gnoll on level 6 of the Dungeon)
  1947 | D:6      | Found Pun Palu's Gadget Shop.
  2062 | D:6      | Found a glowing golden altar of the Shining One.
  2173 | D:6      | Found an iron altar of Okawaru.
  2230 | D:7      | Reached skill level 8 in Unarmed Combat
  2263 | D:7      | Reached skill level 1 in Evocations
  2284 | D:7      | Noticed Joseph
  2406 | D:7      | Noticed a hornet
  2428 | D:7      | Killed a hornet
  2438 | D:7      | Reached skill level 5 in Fighting
  2473 | D:8      | Found a staircase to the Lair.
  2546 | D:7      | Learned a level 2 spell: Slow
  2557 | D:7      | Reached skill level 9 in Unarmed Combat
  2557 | D:7      | Reached XP level 9. HP: 46/47 MP: 11/11
  2867 | D:4      | Killed Blork the orc
  2890 | D:4      | Bought a wand of flame (25) for 175 gold pieces
  3238 | D:4      | You fall through a shaft!
  3277 | D:5      | Found a runed door.
  3281 | D:5      | Noticed Crazy Yiuf
  3284 | D:5      | Killed Crazy Yiuf
  3480 | D:7      | Killed Joseph
  3487 | D:7      | Found a staircase to the Ecumenical Temple.
  3499 | Temple   | Entered the Ecumenical Temple
  3561 | Temple   | Became a worshipper of Cheibriados the Contemplative
  3611 | D:8      | Reached skill level 10 in Unarmed Combat
  3661 | D:8      | Reached * piety under Cheibriados
  3700 | D:8      | Identified a scroll of acquirement
  3767 | D:8      | Noticed Erica
  3782 | D:8      | Reached skill level 1 in Shields
  3782 | D:8      | Reached XP level 10. HP: 53/53 MP: 14/14
  3789 | D:8      | Noticed a two-headed ogre
  3793 | D:8      | Killed a two-headed ogre
  3821 | D:8      | Got a pair of faintly humming boots
  3832 | D:8      | Identified the +2 pair of boots of the Worm {rN+ Dex+3} (You acquired it on level 8 of the Dungeon)
  3860 | D:9      | Found a staircase to the Orcish Mines.
  3878 | Orc:1    | Entered Level 1 of the Orcish Mines
  3882 | Orc:2    | Entered Level 2 of the Orcish Mines
  3907 | Orc:2    | Reached ** piety under Cheibriados
  3921 | Orc:1    | Noticed an orc high priest
  3951 | D:10     | Entered Level 10 of the Dungeon
  4201 | D:8      | Noticed a two-headed ogre
  4209 | D:8      | Killed a two-headed ogre
  4209 | D:8      | Reached skill level 1 in Armour
  4209 | D:8      | Reached skill level 11 in Unarmed Combat
  4249 | Lair:1   | Entered Level 1 of the Lair of Beasts
  4274 | Lair:1   | Reached *** piety under Cheibriados
  4279 | Lair:1   | Noticed an oklob plant
  4299 | Lair:1   | Noticed a spiny frog
  4303 | Lair:1   | Killed a spiny frog
  4403 | Lair:1   | Reached XP level 11. HP: 58/58 MP: 15/15
  4419 | Lair:2   | Noticed Fannar
  4561 | Lair:2   | Found a staircase to the Snake Pit.
  4601 | Lair:2   | Found a frozen archway.
  4608 | Lair:2   | Reached skill level 1 in Invocations
  4612 | IceCv    | Entered an ice cave
  4673 | IceCv    | Reached **** piety under Cheibriados
  4749 | Lair:2   | Reached skill level 12 in Unarmed Combat
  4964 | Lair:4   | Noticed Kirke
  5078 | Lair:3   | Got a pair of heavily runed gloves
  5089 | Lair:3   | Identified the +1 pair of gloves of Marbles {rN+ Int+3 Dex+3} (You found it on level 3 of the Lair of Beasts)
  5114 | Lair:3   | Reached skill level 5 in Invocations
  5154 | Lair:3   | Reached ***** piety under Cheibriados
  5280 | Lair:4   | Gained mutation: You heal very quickly. [Vine Stalker growth]
  5280 | Lair:4   | Reached XP level 12. HP: 60/63 MP: 17/17
  5304 | Lair:4   | Noticed an eight-headed hydra
  5363 | Lair:4   | Reached skill level 5 in Dodging
  5363 | Lair:4   | Reached skill level 13 in Unarmed Combat
  5543 | Lair:6   | Entered Level 6 of the Lair of Beasts
  5670 | Lair:6   | Reached skill level 14 in Unarmed Combat
  5684 | Lair:6   | Reached XP level 13. HP: 58/68 MP: 18/18
  6091 | Lair:6   | Found a staircase to the Slime Pits.
  6107 | Lair:6   | Found the +2 ratskin cloak {+Rats rPois rN+ Str-1 Int-1 Dex+1}
  6246 | Lair:4   | Found a staircase to the Shoals.
  6478 | Orc:2    | Reached ****** piety under Cheibriados
  6590 | Orc:2    | Found Fapamau's Antique Weapon Boutique.
  6593 | Orc:2    | Reached skill level 15 in Unarmed Combat
  6612 | Orc:2    | Found Xecoomaf's Jewellery Shop.
  6742 | Orc:2    | Found Vuest's General Store.
  6754 | Orc:2    | Reached XP level 14. HP: 47/75 MP: 16/19
  6810 | Orc:2    | Noticed an orc warlord
  6822 | Orc:2    | Killed an orc warlord
  6831 | Orc:2    | Found a roughly hewn altar of Beogh.
  6878 | Orc:2    | Found Gucirr's Food Shop.
  7212 | D:13     | Found a roughly hewn altar of Beogh.
  7431 | D:13     | Reached skill level 10 in Dodging
  7615 | D:14     | Found a gate to the Vaults.
  7622 | D:14     | Reached skill level 16 in Unarmed Combat
  7623 | D:14     | Reached skill level 10 in Fighting
  7657 | D:14     | Reached XP level 15. HP: 80/80 MP: 21/21
  7750 | D:15     | Entered Level 15 of the Dungeon
  7761 | D:15     | Noticed Nessos
  7766 | D:15     | Killed Nessos
  7799 | D:15     | Noticed Azrael
  7811 | D:15     | Killed Azrael
  7980 | D:15     | Found an iron altar of Okawaru.
  8200 | D:12     | Noticed Sonja
  8210 | D:12     | Killed Sonja
  8385 | Snake:1  | Entered Level 1 of the Snake Pit
  8485 | Snake:1  | You fall through a shaft!
  8706 | Snake:3  | Noticed a nagaraja
  8912 | Shoals:1 | Entered Level 1 of the Shoals
  9073 | D:9      | Got a heavily runed hat
  9084 | D:9      | Identified the +0 hat of Gluttony {Dex+4} (You acquired it on level 9 of the Dungeon)
  9273 | Orc:2    | Found a staircase to the Elven Halls.
  9278 | Elf:1    | Entered Level 1 of the Elven Halls
  9382 | Elf:2    | Reached skill level 17 in Unarmed Combat
  9485 | Elf:3    | Entered Level 3 of the Elven Halls
  9509 | Elf:3    | Reached XP level 16. HP: 86/86 MP: 23/23
  9611 | Elf:3    | Noticed a deep elf blademaster
  9628 | Elf:3    | Killed a deep elf blademaster
  9660 | Elf:3    | Noticed a deep elf master archer
  9665 | Elf:3    | Killed a deep elf master archer
  9877 | Elf:3    | Noticed an Executioner
  9972 | Elf:3    | Reached skill level 18 in Unarmed Combat
 10080 | Elf:3    | Reached XP level 17. HP: 91/91 MP: 25/25
 10156 | Elf:3    | Identified the Papyrus of Confrontation
 10159 | Elf:3    | Identified the cursed +0 ring mail of Qazlal's Whim {Int+2} (You found it on level 3 of the Elven Halls)
 10203 | Elf:3    | Identified the Almanac of Entrancing Conjuration
 10217 | Elf:3    | Identified the ring of Impatience {*Corrode +Inv rF- rN+ Dex+9} (You found it on level 3 of the Elven Halls)
 10244 | Elf:3    | Lost mutation: Your system is resistant to poisons. (rPois) [potion of mutation]
 10244 | Elf:3    | Lost mutation: You are partially covered in yellow scales. (AC +2) [potion of mutation]
 10244 | Elf:3    | Gained mutation: You are clumsy. (Dex -2) [potion of mutation]
 10244 | Elf:3    | Gained mutation: Your spells are a little harder to cast, but a little more powerful. [potion of mutation]
 10245 | Elf:3    | Lost mutation: Your spells are a little harder to cast, but a little more powerful. [potion of mutation]
 10245 | Elf:3    | Gained mutation: Your flesh is cold resistant. (rC+) [potion of mutation]
 10245 | Elf:3    | Gained mutation: Your muscles are strong. (Str +2) [potion of mutation]
 10315 | Elf:2    | Found a runed gate.
 10315 | Elf:2    | Found a runed gate.
 10315 | Elf:2    | Found a runed gate.
 10359 | Elf:1    | Reached skill level 5 in Evocations
 10472 | D:8      | Killed Erica
 10675 | Snake:3  | Reached skill level 10 in Invocations
 10851 | Snake:4  | Entered Level 4 of the Snake Pit
 11431 | Snake:4  | Reached XP level 18. HP: 84/98 MP: 27/27
 11600 | Snake:4  | Reached skill level 19 in Unarmed Combat
 11662 | Snake:4  | Got a serpentine rune of Zot
 12101 | Shoals:2 | Noticed Polyphemus
 12230 | Shoals:2 | Killed Polyphemus
 12237 | Shoals:2 | Found a bloodstained altar of Trog.
 12434 | Shoals:4 | Entered Level 4 of the Shoals
 12481 | Shoals:4 | Learned a level 1 spell: Apportation
 12566 | Shoals:4 | Noticed Ilsuiw
 12598 | Shoals:4 | Killed Ilsuiw
 12662 | Shoals:4 | Reached XP level 19. HP: 77/103 MP: 28/28
 12697 | Shoals:4 | Reached skill level 10 in Evocations
 12726 | Shoals:4 | Got a barnacled rune of Zot
 13101 | Vaults:1 | Entered Level 1 of the Vaults
 13655 | Vaults:2 | Identified the +1 chain mail of the Thistle {Dex+4} (You found it on level 2 of the Vaults)
 13656 | Vaults:2 | Paralysed by a great orb of eyes for 6 turns
 13719 | Vaults:2 | Noticed a bone dragon
 13732 | Vaults:2 | Killed a bone dragon
 13736 | Vaults:2 | Found a staircase to the Crypt.
 13744 | Crypt:1  | Entered Level 1 of the Crypt
 13848 | Crypt:3  | Entered Level 3 of the Crypt
 13881 | Crypt:3  | Noticed a lich
 13891 | Crypt:3  | Paralysed by a lich for 6 turns
 13898 | Crypt:3  | Killed a lich
 13955 | Crypt:3  | Reached skill level 1 in Translocations
 14017 | Crypt:3  | Found a basalt altar of Yredelemnul.
 14125 | Crypt:3  | Noticed a bone dragon
 14136 | Crypt:3  | Killed a bone dragon
 14136 | Crypt:3  | Reached XP level 20. HP: 99/109 MP: 29/29
 14218 | Crypt:3  | Noticed a profane servitor
 14223 | Crypt:3  | Noticed a profane servitor
 14232 | Crypt:3  | Killed a profane servitor
 14244 | Crypt:3  | Killed a profane servitor
 14914 | Vaults:3 | Reached skill level 15 in Dodging
 14929 | Vaults:3 | Reached skill level 20 in Unarmed Combat
 15452 | D:15     | Noticed Louise
 15507 | D:15     | Found a staircase to the Depths.
 15517 | Depths:1 | Entered Level 1 of the Depths
 15591 | Depths:1 | Reached XP level 21. HP: 94/115 MP: 31/31
 15873 | Depths:1 | Found a gateway to Hell.
 16283 | Depths:2 | Reached skill level 21 in Unarmed Combat
 16422 | Depths:4 | Noticed Xtahua
 16432 | Depths:4 | Killed Xtahua
 16484 | Depths:5 | Entered Level 5 of the Depths
 16565 | Depths:4 | Found Ler Gikh's Armour Boutique.
 16628 | Depths:4 | Reached XP level 22. HP: 121/121 MP: 33/33
 16679 | Depths:5 | Noticed an ancient lich
 16708 | Depths:4 | Found a one-way gate to the infinite horrors of the Abyss.
 17300 | Vaults:5 | Entered Level 5 of the Vaults
 17300 | Vaults:5 | Noticed an ancient lich
 17305 | Vaults:5 | Killed an ancient lich
 17305 | Vaults:5 | Reached skill level 15 in Fighting
 17474 | Vaults:5 | Reached XP level 23. HP: 54/126 MP: 34/34
 17526 | Vaults:5 | Reached skill level 22 in Unarmed Combat
 17658 | Vaults:5 | Found the +15 Maxwell's patent armour {-Cast -Tele rElec MR+ rCorr}
 17786 | Vaults:5 | Learned a level 4 spell: Passage of Golubria
 17789 | Vaults:5 | Learned a level 2 spell: Passwall
 17795 | Vaults:5 | Learned a level 5 spell: Lee's Rapid Deconstruction
 17817 | Vaults:5 | Got a coiled golden ring
 17819 | Vaults:5 | Identified the ring "Enanuj Ureu" {rCorr rElec rF- Dex+3} (You found it on level 5 of the Vaults)
 18144 | Vaults:5 | Got a silver rune of Zot
 18315 | D:11     | Reached skill level 5 in Translocations
 18429 | Slime:1  | Entered Level 1 of the Pits of Slime
 18536 | Slime:3  | Paralysed by a floating eye for 4 turns
 18584 | Slime:5  | Entered Level 5 of the Pits of Slime
 18643 | Slime:5  | Reached skill level 5 in Spellcasting
 18656 | Slime:5  | Found a viscous altar of Jiyva.
 18657 | Slime:5  | Noticed the Royal Jelly
 18704 | Slime:5  | Gained mutation: Your magical capacity is low. (-10% MP) [a shining eye]
 18712 | Slime:5  | Quit the game

Skill      XL: |  1  2  3  4  5  6  7  8  9 10 11 12 13 14 15 16 17 18 19 20 21 22 23 |
---------------+----------------------------------------------------------------------+-----
Unarmed Combat | 1 2 3 4 5 6 7 9 10 11 12 14 15 16 17 18 19 20 21 22 | 22.4
Fighting       | 1 2 3 4 5 6 7 8 9 10 11 12 13 14 15 | 15.5
Evocations     | 2 4 6 9 10 | 10.2
Dodging        | 2 3 4 7 9 10 11 12 13 14 15 16 17 | 17.7
Shields        | 1 3 |  3.6
Armour         | 2 3 4 |  4.9
Invocations    | 5 7 8 9 11 12 13 14 | 14.7
Translocations | 4 7 |  7.4
Spellcasting   | 3 5 |  5.3
Throwing       | |  1.7
Hexes          | |  3.0

Action                   |  1- 3 |  4- 6 |  7- 9 | 10-12 | 13-15 | 16-18 | 19-21 | 22-24 || total
-------------------------+-------+-------+-------+-------+-------+-------+-------+-------++-------
Melee: Unarmed           |    40 |    49 |   191 |   407 |   802 |   898 |  1221 |   657 ||  4265
       Bite              |    12 |    33 |    71 |   255 |   453 |   538 |   780 |   432 ||  2574
       Punch             |     1 |     2 |     9 |       |       |       |       |       ||    12
       Dagger            |       |    40 |    28 |       |       |       |       |       ||    68
       Trident           |       |       |     1 |       |       |       |       |       ||     1
Throw: Javelin           |    31 |     8 |       |     6 |     5 |       |       |       ||    50
       Throwing net      |     5 |     2 |     1 |       |       |       |       |       ||     8
       Tomahawk          |     4 |       |     1 |       |       |       |       |       ||     5
 Cast: Regeneration      |       |       |       |       |       |     4 |     1 |     1 ||     6
       Apportation       |       |       |       |       |       |       |    32 |    17 ||    49
       Corona            |       |       |       |       |       |       |     2 |       ||     2
       Passage of Golubr |       |       |       |       |       |       |       |    30 ||    30
Invok: Slouch            |       |       |       |     3 |    31 |    19 |    19 |    16 ||    88
       Temporal Distorti |       |       |       |       |     2 |     9 |     2 |    10 ||    23
       Step From Time    |       |       |       |       |       |       |     4 |     2 ||     6
 Abil: Evoke Invisibilit |       |       |       |       |       |     4 |       |       ||     4
Evoke: Wand              |       |     5 |    40 |    17 |    48 |    32 |    31 |     7 ||   180
       Sack of spiders   |       |       |       |     1 |     2 |       |       |       ||     3
       Phial of floods   |       |       |       |       |     3 |       |       |       ||     3
       Box of beasts     |       |       |       |       |     1 |     1 |       |       ||     2
       Lightning rod     |       |       |       |       |       |     2 |     8 |       ||    10
       Phantom mirror    |       |       |       |       |       |       |     2 |       ||     2
  Use: Scroll            |     2 |       |     9 |    13 |    11 |     9 |     8 |    16 ||    68
       Potion            |     3 |       |       |     2 |     3 |     7 |     1 |     9 ||    25
 Stab: Held in net/web   |     2 |     1 |     2 |       |       |       |       |       ||     5
       Paralysed         |       |    14 |    11 |       |       |       |       |       ||    25
       Distracted        |       |       |       |     2 |     3 |     1 |     4 |     2 ||    12
       Sleeping          |       |       |       |     1 |     3 |     3 |     6 |     4 ||    17
       Invisible         |       |       |       |       |    11 |    21 |     9 |       ||    41
  Eat: Ration            |       |     1 |     2 |     2 |     5 |     4 |     4 |     3 ||    21
       Chunk             |       |     1 |       |       |       |       |       |       ||     1
Armor: Robe              |     5 |    20 |    44 |     1 |       |       |       |       ||    70
       Ring mail         |       |       |       |   102 |   133 |    28 |       |       ||   263
       Skin              |       |       |       |     2 |       |       |       |       ||     2
       Steam dragon scal |       |       |       |       |       |    73 |   151 |    83 ||   307
Dodge: Dodged            |    24 |    40 |   117 |   199 |   534 |   681 |  1039 |   563 ||  3197
Block: Buckler           |       |       |     4 |   123 |   326 |   305 |   516 |   258 ||  1532
